 Dungeon Crawl Stone Soup version 0.29.1-1-gd02db6906a (webtiles) character file.

Game seed: 16343350729465913564

66 safid the Shooter (level 3, -4/31 HPs)
             Began as a Minotaur Hunter on Oct 7, 2022.
             Killed from afar by Ijyb (18 damage)
             ... with a bolt of acid
             ... on level 3 of the Dungeon.
             The game lasted 00:02:20 (1395 turns).

safid the Shooter (Minotaur Hunter)                 Turns: 1395, Time: 00:02:21

Health: -4/31      AC:  0    Str: 15    XL:     3   Next: 96%
Magic:  2/2        EV: 12    Int:  6    God:
Gold:   89         SH:  0    Dex: 15    Spells: 2/2 levels left

rFire   . . .      SeeInvis .   a - +0 shortbow
rCold   . . .      Faith    .   (shield currently unavailable)
rNeg    . . .      Spirit   .   c - +0 leather armour
rPois   .          Reflect  .   (helmet restricted)
rElec   .          Harm     .   (no cloak)
rCorr   .          Rampage  .   l - +0 pair of gloves
Will    .....                   (no boots)
Stlth   +.........              (no amulet)
HPRegen 0.10/turn               (no ring)
MPRegen 0.08/turn               (no ring)

@: corroded
A: horns 2, retaliatory headbutt
a: no special abilities


You were on level 3 of the Dungeon.
You visited 1 branch of the dungeon, and saw 3 of its levels.

You collected 89 gold pieces.

Inventory:

Hand Weapons
 a - a +0 shortbow (weapon)
Missiles
 i - 2 javelins
Armour
 c - a +0 leather armour (worn)
 l - a +0 pair of gloves (worn)
Jewellery
 n - a +6 ring of strength
 p - a +6 ring of dexterity
Scrolls
 b - a scroll of immolation
 f - a scroll of vulnerability {unknown}
 h - 2 scrolls of identify {unknown}
 k - a scroll of brand weapon {unknown}
 o - 2 scrolls of noise {unknown}
Potions
 d - a potion of berserk rage {unknown}
 e - a potion of mutation {unknown}
 g - a potion of lignification {unknown}
 j - a potion of curing {unknown}
 m - a potion of attraction {unknown}


   Skills:
 - Level 3.0 Fighting
 + Level 5.9 Ranged Weapons
 - Level 2.1 Dodging
 - Level 0.7 Stealth


You had 2 spell levels left.
You didn't know any spells.
Your spell library contained the following spells:

 Spells                   Type           Power      Damage    Failure   Level
 Shock                    Conj/Air       0%         1d3       52%         1
 Swiftness                Air            0%         N/A       88%         3
 Airstrike                Air            0%         2d(0-16)  99%         4


Dungeon Overview and Level Annotations

Branches:
Dungeon (3/15)

Altars:

Annotations:
D:3 Ijyb


Innate Abilities, Weirdness & Mutations

You have a pair of horns on your head.
You reflexively headbutt those who attack you in melee.


Message History

The arrow hits Ijyb.
Ijyb is lightly wounded.
You shoot an arrow. The arrow hits the ball python!
You kill the ball python!
No target in view!
No target in view!
No target in view!
No target in view!
You shoot an arrow. The arrow hits Ijyb but does no damage.
Ijyb is lightly wounded.
Ijyb zaps a wand.
The bolt of acid hits you! The acid corrodes you!
You shoot an arrow. The arrow hits Ijyb.
Ijyb is moderately wounded.
You shoot an arrow. The arrow closely misses Ijyb.
Ijyb closely misses you. You furiously retaliate!
You headbutt Ijyb. You shoot an arrow. The arrow hits Ijyb.
Ijyb is heavily wounded.
Ijyb misses you.
You shoot an arrow. The arrow hits Ijyb.
Ijyb is severely wounded.
Ijyb hits you with a +0 club. x2
You shoot an arrow. The arrow hits Ijyb but does no damage.
Ijyb is severely wounded.
Ijyb completely misses you.
You shoot an arrow. The arrow hits Ijyb but does no damage.
Ijyb is severely wounded.
Ijyb hits you with a +0 club.
An orc comes into view. It is wielding a +0 hand axe.
You are too injured to fight recklessly!
You are too injured to fight recklessly!
You are too injured to fight recklessly!
Unknown command.
Fire: a) +0 shortbow
Press: ? - help, Q - select action, (/) - cycle Shift-Dir - straight line, f/p - Ijyb
Aim: Ijyb, wielding a +0 club, wearing a +0 leather armour and carrying a wand of acid (11) (severely wounded, 55% to hit)
You shoot an arrow. The arrow hits Ijyb.
Ijyb is almost dead.
Ijyb zaps a wand.
The bolt of acid hits you!!
Ouch! That really hurt!
You die...

....(...#
.$......# ...#
...o....# ....#
...?....## ....
.........## #...
....†.....###..#
#.#..#..#
#.g.†...#
#..@....####
.......#.......#
.#####.###.###.#
#.. #.<...# ###
#####.>.# .#


You could see Ijyb and an orc.

Vanquished Creatures
  An adder (D:2)
  2 worms (D:2)
  6 ball pythons
  6 bats
  8 endoplasms
  2 giant cockroaches (D:1)
  5 goblins
  3 hobgoblins
  2 quokkas (D:1)
  5 frilled lizards
  3 kobolds
  5 rats
48 creatures vanquished.

Vanquished Creatures (others)
  A plant (D:1)
1 creature vanquished.

Grand Total: 49 creatures vanquished

Notes
Turn   | Place    | Note
-------+----------+-------------------------------------------
     0 | D:1      | safid the Minotaur Hunter began the quest for the Orb.
     0 | D:1      | Reached XP level 1. HP: 18/18 MP: 0/0
   101 | D:1      | Reached XP level 2. HP: 26/26 MP: 1/1
   180 | D:1      | Reached skill level 5 in Ranged Weapons
   181 | D:1      | Found a faded altar of an unknown god.
   454 | D:1      | Reached XP level 3. HP: 31/31 MP: 2/2
  1383 | D:3      | Noticed Ijyb
  1395 | D:3      | Killed from afar by Ijyb

Illustrated notes

Levels and vault maps discovered:
D:1:      giann_bridges, layout_basic, shapermc_ecumenical_altar_totnotflames
D:2:      layout_basic, minmay_diced_spiral
D:3:      layout_rooms, minmay_misc_feat_chi, uniq_ijyb, uniq_jessica

Skill      XL: |  1  2 |
---------------+-------+-----
Fighting       | 3 |  3.0
Ranged Weapons | 5 |  5.9
Dodging        | |  2.1
Stealth        | |  0.7

Action                   || total
-------------------------++-------
 Fire: Shortbow          ||   138
Armor: Leather armour    ||     8
Dodge: Dodged            ||    31
